 Dungeon Crawl Stone Soup version 0.24.0-2-g5b39cebb1c (webtiles) character file.

Game seed: 791318684636838990, levelgen mode: deterministic

238970 DavidChitty2 the Priest (level 19, -1/174 HPs)
             Began as a Hill Orc Fighter on Oct 31, 2019.
             Was a Believer of Beogh.
             Slain by a deep troll shaman (14 damage)
             ... led by an ironheart preserver
             ... on level 2 of the Vaults.
             The game lasted 01:13:31 (42932 turns).

DavidChitty2 the Priest (Hill Orc Fighter)         Turns: 42932, Time: 01:13:32

Health: -1/174     AC: 30    Str: 25    XL:     19   Next: 28%
Magic:  27/32      EV:  9    Int:  7    God:    Beogh [**....]
Gold:   1233       SH: 25    Dex: 12    Spells: 18/18 levels left

rFire    . . .     SeeInvis +   a - +3 broad axe (freeze)
rCold    . . .     Gourm    .   B - +0 large shield
rNeg     + . .     Faith    .   S - +3 plate armour
rPois    +         Spirit   .   T - +0 helmet {SInv}
rElec    .         Reflect  +   K - +2 ratskin cloak {+Rats rPois rN+ Str-1 Int-1 Dex+1}
rCorr    .         Harm     .   L - +0 pair of gloves
MR       ++...                  Z - +0 pair of boots
Stlth    ..........             f - +4 amulet of reflection
HPRegen  0.39/turn              l - ring of protection from magic
MPRegen  0.23/turn              I - +2 ring of protection

@: no status effects
A: no striking features
}: 2/15 runes: serpentine, barnacled
a: Smiting, Renounce Religion, Evoke Ratskin


You were on level 2 of the Vaults.
You worshipped Beogh.
Beogh was pleased with you.
You were not hungry.

You visited 7 branches of the dungeon, and saw 34 of its levels.
You also visited: Ice Cave.

You collected 3469 gold pieces.
You spent 2236 gold pieces at shops.

Inventory:

Hand Weapons
 a - a +3 broad axe of freezing (weapon)
   (You found it on level 1 of the Snake Pit)
 b - a +1 bardiche of flaming
   (You took it off a vault warden on level 1 of the Vaults)
Missiles
 s - 3 throwing nets (quivered) {!f}
Armour
 B - a +0 large shield (worn)
   (You took it off a naga warrior on level 3 of the Snake Pit)
 K - the +2 ratskin cloak (worn) {+Rats rPois rN+ Str-1 Int-1 Dex+1}
   (You bought it in a shop on level 13 of the Dungeon)

   It affects your strength (-1).
   It affects your intelligence (-1).
   It affects your dexterity (+1).
   It protects you from poison.
   It protects you from negative energy.
 L - a +0 pair of gloves (worn)
   (You found it on level 5 of the Lair of Beasts)
 S - a +3 plate armour (worn)
   (You bought it in a shop on level 13 of the Dungeon)
 T - a +0 helmet of see invisible (worn)
   (You bought it in a shop on level 13 of the Dungeon)
 Z - a +0 pair of boots (worn)
   (You found it on level 2 of the Shoals)
Jewellery
 f - a +4 amulet of reflection (around neck)
   (You found it on level 1 of the Snake Pit)
 g - an uncursed ring of resist corrosion
   (You took it off a merfolk aquamancer on level 4 of the Shoals)
 l - a ring of protection from magic (left hand)
   (You found it on level 10 of the Dungeon)
 o - an uncursed ring of protection from cold
   (You found it on level 7 of the Dungeon)
 z - an uncursed ring of see invisible
   (You found it on level 6 of the Lair of Beasts)
 I - a +2 ring of protection (right hand)
   (You found it on level 6 of the Lair of Beasts)
Wands
 c - a wand of disintegration (21)
   (You found it on level 4 of the Snake Pit)
 d - a wand of iceblast (13)
   (You found it on level 5 of the Lair of Beasts)
 q - a wand of enslavement (20)
   (You found it on level 2 of the Dungeon)
 t - a wand of flame (53)
   (You found it on level 7 of the Dungeon)
 u - a wand of paralysis (4)
   (You found it on level 4 of the Lair of Beasts)
 v - a wand of digging (17)
   (You found it on level 5 of the Lair of Beasts)
 x - a wand of acid (2)
   (You found it on level 2 of the Shoals)
 C - a wand of clouds (5)
   (You took it off a naga mage on level 4 of the Snake Pit)
 Y - a wand of polymorph (9)
   (You found it on level 2 of the Shoals)
Scrolls
 h - 19 scrolls of teleportation {@r4}
 n - 7 scrolls of fear
 p - 2 scrolls of blinking
 r - 13 scrolls of identify {@r1}
 y - a scroll of magic mapping
 E - 2 scrolls of vulnerability {!r}
 J - 6 scrolls of enchant armour
 M - a scroll of immolation {!r}
 U - 2 scrolls of fog
 W - 15 scrolls of remove curse {@r2}
 X - a scroll of summoning
Potions
 i - 8 potions of curing {@q1}
 j - 3 potions of resistance
 k - 5 potions of agility
 w - 5 potions of flight
 A - 3 potions of invisibility
 D - 9 potions of lignification {!q}
 F - 5 potions of mutation {!q}
 G - 5 potions of haste {@q3}
 H - 6 potions of might
 O - 2 potions of berserk rage
 P - 2 potions of brilliance
 Q - 4 potions of ambrosia
Miscellaneous
 N - a phantom mirror
Comestibles
 e - 36 rations {!d}


   Skills:
 + Level 16.7 Fighting
 - Level 18.0 Axes
 + Level 15.5 Armour
 + Level 5.9 Dodging
 + Level 16.5 Shields
 * Level 19.0 Invocations
 + Level 7.3 Evocations


You had 18 spell levels left.
You didn't know any spells.
Your spell library contained the following spells:

 Spells                   Type           Power        Failure   Level  Hunger
 Corona                   Hex            #......      100%        1    ##.....
 Infusion                 Chrm           #...         100%        1    ##.....
 Sting                    Conj/Pois      #...         100%        1    ##.....
 Poisonous Vapours        Pois/Air       #.....       100%        2    ###....
 Shroud of Golubria       Chrm/Tloc      #.....       100%        2    ###....
 Slow                     Hex            #.......     100%        2    ###....
 Song of Slaying          Chrm           #.......     100%        2    ###....
 Conjure Flame            Conj/Fire      #.......     100%        3    ####...
 Inner Flame              Hex/Fire       #.......     100%        3    ####...
 Mephitic Cloud           Conj/Pois/Air  #.......     100%        3    ####...
 Portal Projectile        Hex/Tloc       #.....       100%        3    ####...
 Regeneration             Chrm/Necr      #.........   100%        3    ####...
 Spectral Weapon          Hex/Chrm       #.......     100%        3    ####...
 Cause Fear               Hex            #.........   100%        4    #####..
 Leda's Liquefaction      Hex/Erth       #.........   100%        4    #####..
 Olgreb's Toxic Radiance  Pois           #.......     100%        4    #####..
 Bolt of Magma            Conj/Fire/Erth #.........   100%        5    ######.
 Irradiate                Conj/Tmut      #.........   100%        5    ######.
 Venom Bolt               Conj/Pois      #.........   100%        5    ######.
 Freezing Cloud           Conj/Ice/Air   #.........   100%        6    #######
 Hydra Form               Tmut           #.........   100%        6    #######
 Iron Shot                Conj/Erth      #.........   100%        6    #######
 Statue Form              Tmut/Erth      #........    100%        6    #######
 Dragon Form              Tmut           #.........   100%        7    #######
 Ring of Flames           Chrm/Fire      #.........   100%        7    #######
 Shatter                  Erth           #.........   100%        9    #######


Dungeon Overview and Level Annotations

Branches:
Dungeon (15/15)            Temple (1/1) D:6            Lair (6/6) D:11
 Shoals (4/4) Lair:3        Snake (4/4) Lair:4        Slime (0/5) Lair:6
    Orc (2/2) D:9             Elf (0/3) Orc:2        Vaults (2/5) D:14
 Depths (0/5) D:15          IceCv (visited)
  Crypt: Vaults:2-3

Altars:
Ashenzari
Cheibriados
Dithmenos
Elyvilon
Fedhas
Gozag
Hepliaklqana
Kikubaaqudgha
Makhleb
Nemelex Xobeh
Okawaru
Qazlal
Ru
Sif Muna
Trog
Uskayaw
Vehumet
Wu Jian
Xom
Yredelemnul
Zin
The Shining One
Beogh
Jiyva

Shops:
D:5 (   D:6 !   D:13 [   Orc:1 *   Orc:2 =*([   Shoals:1 %   Shoals:3 ?*
Snake:3 }=}   Snake:4 ?

Annotations:
D:3 1 exclusion
D:11 1 runed translucent door
D:13 3 runed translucent doors, 00Nightcrawler's ghost, journeyman VSTm; Vext's ghost, journeyman SpEn; iamserjio's ghost, journeyman OpGl
Shoals:3 Polyphemus
Snake:1 1 exclusion
Vaults:1 2 runed translucent doors, skk's ghost, adept GrFi; wjh11's ghost, veteran MiBe


Message History

The wall shatters!
The blast of rock fragments hits you but does no damage.
Unknown command.
Smite: a deep troll shaman (fast, unusually strong, sheltered from injuries)
You smite the deep troll shaman!
You kill the ironheart preserver!
Beogh accepts your kill.
The deep troll shaman calls upon its god to speed up the deep troll shaman.
The deep troll shaman seems to speed up.
The deep troll shaman bites you.
* * * LOW HITPOINT WARNING * * *
You block the deep troll shaman's attack. x2
You block the deep troll earth mage's attack.
The deep troll earth mage claws you but does no damage.
The deep troll earth mage claws you!
* * * LOW HITPOINT WARNING * * *
You block the deep troll shaman's attack.
The deep troll shaman claws you.
* * * LOW HITPOINT WARNING * * *
You block the deep troll shaman's attack.
You block the deep troll earth mage's attack. x2
The deep troll earth mage claws you but does no damage.
You block the deep troll earth mage's attack.
The deep troll earth mage barely misses you.
The deep troll earth mage closely misses you.
You block the deep troll shaman's attack. x2
The deep troll shaman claws you!
* * * LOW HITPOINT WARNING * * *
Things that are here:
+0 fire dragon scales; a fire dragon corpse
Okay, then.
You block the deep troll shaman's attack.
The deep troll shaman closely misses you.
The deep troll shaman claws you!
* * * LOW HITPOINT WARNING * * *
The deep troll earth mage casts a spell at you.
The wall shatters!
The blast of rock fragments hits you but does no damage.
Unknown command.
Smite: a deep troll earth mage (almost dead, fast, unusually strong)
You smite the deep troll earth mage!
You kill the deep troll earth mage!
Beogh accepts your kill.
Your Invocations skill increases to level 19!
You block the deep troll shaman's attack.
The deep troll shaman claws you but does no damage.
The deep troll shaman barely misses you.
You block the deep troll shaman's attack.
The deep troll shaman claws you!
You die...

..#
#.......######### #
..# #........ .....
# ..# #..#######
###. # #.# #..# #. #
+.# #..# #. # #+#.#
#..# #.
#######...#######..+
#.
...................#
#.
................@T.#
#.
#################T.#
#. # #[.# #. # #..#
#. # #..# #. # #).#
#. # #..# #. # #...
#. # #...# #.


You could see 2 deep troll shamans.

Vanquished Creatures
  Jorgrun (Snake:2)
  A kraken (Shoals:3)
  Roxanne (D:15)
  4 nagarajas (Snake:4)
  4 vault wardens (Vaults:1)
  4 ironheart preservers
  An entropy weaver (Vaults:2)
  2 very ugly things (Vaults:1)
  Snorg (D:11)
  4 merfolk javelineers
  A deep elf death mage (Vaults:1)
  A fire dragon (Vaults:2)
  A yaktaur captain (Vaults:1)
  3 merfolk impalers
  Erolcha (D:10)
  An ice dragon (Vaults:1)
  9 vault guards
  3 centaur warriors
  2 merfolk avatars
  5 hydras
  10 naga warriors
  5 anacondas
  An alligator snapping turtle (Shoals:4)
  A satyr (Shoals:2)
  5 merfolk aquamancers (Shoals:4)
  5 death yaks
  2 ogre magi
  3 orc high priests (Orc:2)
  2 tengu warriors (D:14)
  A deep troll earth mage (Vaults:2)
  6 two-headed ogres
  5 shock serpents
  2 deep elf knights
  12 naga sharpshooters
  Nergalle (Orc:1)
  A skeletal warrior (D:13)
  3 salamander mystics
  2 unseen horrors (Vaults:1)
  10 sea snakes
  A wizard (Vaults:2)
  A lindwurm (Lair:6)
  4 naga ritualists (Snake:4)
  A glowing orange brain (Vaults:1)
  3 mana vipers
  2 orc knights (Vaults:1)
  2 harpies (shapeshifter)
  6 ironbrand convokers (Vaults:1)
  An orb spider (shapeshifter) (D:13)
  21 harpies
  3 deep elf magi
  2 orc sorcerers
  4 cyclopes
  A wolf spider (Lair:6)
  12 ugly things
  8 manticores
  2 fauns (Shoals:2)
  4 salamanders
  4 merfolk sirens
  19 black mambas
  An elephant (Lair:4)
  A vault sentinel (Vaults:1)
  Psyche (D:10)
  5 spiny frogs
  A guardian serpent (Snake:3)
  7 water nymphs
  2 torpor snails
  10 naga magi
  2 gargoyles
  3 ice statues (IceCv)
  2 rime drakes
  2 komodo dragons
  2 efreet
  2 ice devils (Lair:6)
  7 yaktaurs
  4 trolls
  6 hornets
  24 merfolk
  8 wind drakes
  2 blink frogs (Lair:6)
  9 hippogriffs
  13 slime creatures
  2 tyrant leeches (Lair:6)
  8 dream sheep
  A meliai zombie (D:11)
  6 snapping turtles
  A wraith (D:14)
  9 water elementals
  A tarantella (Vaults:2)
  41 yaks
  4 redbacks
  A yak (shapeshifter) (Vaults:1)
  A shadow (D:13)
  8 wyverns
  2 basilisks
  A hog (shapeshifter) (Vaults:1)
  A warg (Orc:1)
  29 nagas
  An acid dragon (D:15)
  8 porcupines
  17 water moccasins
  7 orc warriors
  4 sky beasts
  A black bear (Lair:1)
  3 phantoms
  9 ice beasts
  2 necrophages
  20 ogres
  8 wolves
  8 centaurs
  9 crocodiles
  2 big kobolds
  9 bullfrogs
  A wyvern zombie (D:7)
  2 jellies
  A gnoll sergeant (D:9)
  5 scorpions
  6 killer bees (D:9)
  4 wights
  8 howler monkeys
  5 electric eels (D:12)
  3 crimson imps
  4 bullfrog zombies
  2 centaur zombies
  A quasit (D:8)
  9 hounds
  5 orc priests
  2 bullfrog skeletons
  9 orc wizards
  4 worker ants
  A hound zombie (D:7)
  A worker ant zombie (D:6)
  6 gnolls
  A river rat (D:4)
  13 adders
  A howler monkey skeleton (D:3)
  4 shadow imps
  2 oozes
  2 adder skeletons
  3 adder zombies
  7 worms
  3 leopard geckos
  30 orcs
  7 bats
  4 giant cockroaches
  8 goblins
  5 hobgoblins
  29 jackals
  21 kobolds
  3 quokkas
  3 ball pythons
  8 frilled lizards
  A leopard gecko skeleton (D:4)
  6 rats
  A crawling corpse (Vaults:1)
  3 fungi
  4 plants
814 creatures vanquished.

Vanquished Creatures (collateral kills)
  2 nagarajas (Snake:4)
  Aizul (Snake:4)
  An orc warlord (Orc:2)
  An ice dragon (Lair:6)
  3 hydras
  2 vault guards (D:14)
  3 centaur warriors
  5 naga warriors
  An anaconda (Snake:1)
  11 two-headed ogres
  Erica (D:8)
  2 ogre magi
  2 death yaks (Lair:6)
  3 shock serpents
  4 naga sharpshooters
  A titan zombie (D:15)
  4 skeletal warriors
  An unseen horror (shapeshifter) (D:14)
  2 unseen horrors (D:12)
  A flayed ghost (D:15)
  3 naga ritualists (Snake:4)
  2 sea snakes (Snake:3)
  A necromancer (D:15)
  3 orc knights
  An orc sorcerer (Orc:2)
  13 ugly things
  2 mana vipers (Snake:4)
  2 salamanders (Snake:4)
  A cyclops (D:13)
  3 guardian serpents
  A manticore (D:14)
  9 elephants
  21 black mambas
  7 naga magi
  3 centaur zombies
  8 spiny frogs
  A centaur skeleton (D:13)
  A gargoyle (D:15)
  4 torpor snails (Lair:6)
  2 rime drakes
  3 komodo dragons
  8 trolls
  2 tyrant leeches (Lair:6)
  A meliai (Lair:6)
  4 hornets (Lair:6)
  6 dream sheep
  A deep troll zombie (D:15)
  4 slime creatures
  A spriggan zombie (D:15)
  8 blink frogs (Lair:6)
  A snapping turtle (Lair:3)
  4 hippogriffs
  A fire dragon zombie (D:15)
  5 wyverns
  29 yaks
  A basilisk (Lair:2)
  21 nagas
  A warg (Orc:2)
  17 water moccasins
  2 porcupines
  11 orc warriors
  A hornet zombie (D:13)
  An ice beast (D:15)
  A phantom (D:12)
  7 ogres
  7 wolves
  7 centaurs
  6 crocodiles
  2 big kobolds
  7 bullfrogs
  3 gnoll sergeants (D:9)
  2 wights (D:10)
  2 howler monkeys
  An electric eel (D:12)
  A crimson imp (D:14)
  2 bullfrog zombies
  4 orc wizards
  5 hounds
  A jelly (D:7)
  An orc priest (D:13)
  An iguana (D:14)
  2 worker ants
  A hound skeleton (D:9)
  A howler monkey zombie (D:8)
  10 gnolls
  An adder (D:12)
  A shadow imp (D:8)
  An ooze (D:7)
  An adder zombie (D:8)
  7 orcs
  2 jackals (D:7)
  3 kobolds (D:13)
  A quokka (D:11)
  A jackal skeleton (D:8)
  10 fungi
  24 plants
  A withered plant (D:15)
399 creatures vanquished.

Vanquished Creatures (others)
  An orc warlord (Snake:4)
  A yaktaur captain (Vaults:1)
  2 orc high priests
  3 orc sorcerers
  5 orc knights (Snake:1)
  2 manticores
  An ugly thing (IceCv)
  A naga mage (Snake:4)
  19 orc warriors
  6 orc wizards
  3 orc priests
  An adder (D:4)
  44 orcs
  A crawling corpse (Vaults:1)
  13 fungi
  16 plants
  4 tentacles (Shoals:3)
123 creatures vanquished.

Grand Total: 1336 creatures vanquished

Notes
Turn   | Place    | Note
-------+----------+-------------------------------------------
     0 | D:1      | DavidChitty2 the Hill Orc Fighter began the quest for the
                  | Orb.
     0 | D:1      | Reached XP level 1. HP: 19/19 MP: 1/1
    97 | D:1      | Reached XP level 2. HP: 27/27 MP: 2/2
   442 | D:2      | Reached XP level 3. HP: 30/33 MP: 3/3
   509 | D:2      | Found a white marble altar of Elyvilon.
   739 | D:2      | Reached XP level 4. HP: 40/40 MP: 4/4
  1246 | D:3      | Reached XP level 5. HP: 47/47 MP: 5/5
  1338 | D:3      | Found a basalt altar of Yredelemnul.
  1380 | D:3      | Became a worshipper of Beogh the Brigand
  1403 | D:3      | Reached skill level 5 in Axes
  1685 | D:3      | Found a shadowy altar of Dithmenos.
  1685 | D:3      | Found an opulent altar of Gozag.
  1686 | D:3      | Found a glowing golden altar of the Shining One.
  1707 | D:3      | Found a shimmering blue altar of Sif Muna.
  2205 | D:4      | Reached skill level 1 in Invocations
  2205 | D:4      | Reached XP level 6. HP: 38/53 MP: 5/7
  2774 | D:4      | Reached skill level 5 in Fighting
  2774 | D:4      | Reached skill level 2 in Invocations
  2879 | D:4      | Reached XP level 7. HP: 35/61 MP: 8/8
  3001 | D:4      | Reached * piety under Beogh
  3461 | D:4      | Reached skill level 3 in Invocations
  3617 | D:4      | Reached skill level 5 in Shields
  3626 | D:4      | Reached skill level 5 in Armour
  3826 | D:5      | Entered Level 5 of the Dungeon
  3968 | D:5      | Reached XP level 8. HP: 30/70 MP: 10/10
  4393 | D:5      | Reached ** piety under Beogh
  4519 | D:5      | Found Teij's Weapon Emporium.
  4616 | D:5      | Reached skill level 4 in Invocations
  4656 | D:5      | Found a sacrificial altar of Ru.
  4656 | D:5      | Found an ancient bone altar of Kikubaaqudgha.
  4657 | D:5      | Found an ornate altar of the Wu Jian Council.
  4764 | D:5      | Found a snail-covered altar of Cheibriados.
  4939 | D:6      | Found Donyicku's Distillery.
  5162 | D:6      | Found a hazy altar of Hepliaklqana.
  5224 | D:6      | Reached skill level 5 in Invocations
  5408 | D:6      | Found a staircase to the Ecumenical Temple.
  5419 | Temple   | Entered the Ecumenical Temple
  5667 | D:6      | Reached XP level 9. HP: 76/78 MP: 12/12
  5947 | D:6      | Found a blossoming altar of Fedhas.
  5996 | D:6      | Got a pitted leather armour
  6347 | D:7      | Reached *** piety under Beogh
  6695 | D:7      | Reached skill level 10 in Axes
  6695 | D:7      | Reached skill level 6 in Invocations
  7315 | D:8      | Reached **** piety under Beogh
  7324 | D:8      | Gained Zartorak as an ally
  7325 | D:8      | Reached XP level 10. HP: 85/88 MP: 13/15
  7533 | D:8      | Found a shimmering altar of Xom.
  7533 | D:8      | Found a shimmering altar of Xom.
  7534 | D:8      | Found a shimmering altar of Xom.
  7534 | D:8      | Found a shimmering altar of Xom.
  7534 | D:8      | Found a shimmering altar of Xom.
  7535 | D:8      | Found a shimmering altar of Xom.
  7535 | D:8      | Found a shimmering altar of Xom.
  7568 | D:8      | Noticed Erica
  7579 | D:8      | Killed Erica
  7579 | D:8      | Reached skill level 7 in Invocations
  7619 | D:8      | Found a shimmering altar of Xom.
  7619 | D:8      | Found a shimmering altar of Xom.
  8917 | D:9      | Found a staircase to the Orcish Mines.
  8943 | D:9      | Reached skill level 8 in Invocations
  8952 | D:9      | Reached ***** piety under Beogh
  9660 | D:10     | Entered Level 10 of the Dungeon
  9660 | D:10     | Noticed a two-headed ogre
  9668 | D:10     | Noticed a gargoyle
  9673 | D:10     | Killed a two-headed ogre
  9673 | D:10     | Reached XP level 11. HP: 75/95 MP: 17/17
  9711 | D:10     | Noticed Erolcha
  9714 | D:10     | Killed Erolcha
  9763 | D:10     | Noticed Psyche
  9766 | D:10     | Killed Psyche
  9779 | D:10     | Your ally Zartorak died
  9782 | D:10     | Reached skill level 9 in Invocations
 10160 | D:11     | Killed a two-headed ogre
 10678 | D:11     | Found a runed translucent door.
 10678 | D:11     | Noticed a sixfirhy
 10731 | D:11     | Gained Norbak as an ally
 10797 | D:11     | Found a staircase to the Lair.
 10922 | D:11     | Noticed a brown ugly thing
 10925 | D:11     | Noticed Snorg
 10940 | D:11     | Killed Snorg
 10940 | D:11     | Reached skill level 10 in Fighting
 10940 | D:11     | Reached XP level 12. HP: 44/106 MP: 4/19
 11337 | Lair:1   | Entered Level 1 of the Lair of Beasts
 11637 | Lair:1   | Gained Orkwin as an ally
 11637 | Lair:1   | Reached skill level 10 in Invocations
 11724 | Lair:1   | Gained Bogric as an ally
 12748 | Lair:2   | Noticed a five-headed hydra
 12756 | Lair:2   | Killed a five-headed hydra
 12838 | Lair:2   | Reached skill level 15 in Axes
 13033 | Lair:2   | Reached skill level 10 in Shields
 13076 | Lair:2   | Reached skill level 10 in Armour
 13618 | Lair:3   | Reached skill level 11 in Invocations
 14010 | Lair:3   | Found a staircase to the Shoals.
 14018 | Lair:3   | Reached XP level 13. HP: 116/116 MP: 21/21
 14725 | Lair:4   | Found a staircase to the Snake Pit.
 16080 | Lair:6   | Entered Level 6 of the Lair of Beasts
 16338 | Lair:6   | Reached skill level 12 in Invocations
 16420 | Lair:6   | Found a frozen archway.
 16438 | IceCv    | Entered an ice cave
 16920 | IceCv    | Reached XP level 14. HP: 101/126 MP: 16/23
 17172 | IceCv    | Got ichor-stained ice dragon scales
 17400 | Lair:6   | Found a staircase to the Slime Pits.
 17401 | Lair:6   | Found a viscous altar of Jiyva.
 17420 | Lair:6   | Paralysed by a hornet for 3 turns
 17587 | Lair:6   | Identified the +1 ice dragon scales "Bonu" {rF- rC++
                  | Regen+} (You found it in an ice cave)
 17867 | Lair:6   | Found a runed translucent door.
 19638 | D:12     | Reached skill level 13 in Invocations
 21267 | D:13     | You fall into a shaft and drop 1 floor!
 21274 | D:14     | Gained Murdo as an ally
 21301 | D:14     | Reached XP level 15. HP: 135/135 MP: 25/25
 21387 | D:13     | Found Qoakho Naeza's Antique Armour Emporium.
 21392 | D:13     | Bought a runed plate armour for 754 gold pieces
 21392 | D:13     | Bought a glowing helmet for 217 gold pieces
 21464 | D:13     | Found a runed translucent gate.
 21464 | D:13     | Found a runed translucent gate.
 21464 | D:13     | Found a runed translucent gate.
 21625 | D:13     | Noticed 00Nightcrawler's ghost (journeyman VSTm)
 21625 | D:13     | Noticed Vext's ghost (journeyman SpEn)
 21625 | D:13     | Noticed iamserjio's ghost (journeyman OpGl)
 22123 | D:14     | Reached ****** piety under Beogh
 22442 | D:14     | Found a gate to the Vaults.
 22465 | D:14     | Your ally Bogric died
 22474 | D:14     | Reached skill level 14 in Invocations
 23147 | D:15     | Entered Level 15 of the Dungeon
 23234 | D:15     | Found a staircase to the Depths.
 23658 | D:15     | Noticed Roxanne
 23667 | D:15     | Killed Roxanne
 24460 | Orc:1    | Entered Level 1 of the Orcish Mines
 24460 | Orc:1    | Found a burning altar of Makhleb.
 24460 | Orc:1    | Found a roughly hewn altar of Beogh.
 24461 | Orc:1    | Noticed Nergalle
 24464 | Orc:1    | Killed Nergalle
 24502 | Orc:1    | Found Qobim's Assorted Antiques.
 24714 | Orc:2    | Entered Level 2 of the Orcish Mines
 24718 | Orc:2    | Found a staircase to the Elven Halls.
 24764 | Orc:2    | Noticed an orc warlord
 24765 | Orc:2    | Found Faevonon's General Store.
 24803 | Orc:2    | Killed an orc warlord
 24809 | Orc:2    | Your ally Norbak died
 25014 | Orc:2    | Found Ruhesk's Jewellery Boutique.
 25018 | Orc:2    | Reached XP level 16. HP: 146/146 MP: 26/26
 25078 | Orc:2    | Found Jegh's Antique Armour Shoppe.
 25264 | Orc:2    | Bought a polished cloak for 256 gold pieces
 25264 | Orc:2    | Identified the cursed +0 cloak "Coumante" {*Corrode Int+3
                  | Slay+3} (You bought it in a shop on level 2 of the Orcish
                  | Mines)
 25349 | Orc:2    | Found Masugiurph's Antique Weapon Boutique.
 25968 | D:13     | Bought an embroidered hat for 203 gold pieces
 25968 | D:13     | Bought the +2 ratskin cloak {+Rats rPois rN+ Str-1 Int-1
                  | Dex+1} for 806 gold pieces
 25968 | D:13     | Found the +2 ratskin cloak {+Rats rPois rN+ Str-1 Int-1
                  | Dex+1}
 26249 | Snake:1  | Entered Level 1 of the Snake Pit
 26294 | Snake:1  | Gained Bogbarth as an ally
 26331 | Snake:1  | Your ally Bogbarth died
 26360 | Snake:1  | Your ally Murdo died
 26840 | Snake:1  | Reached skill level 15 in Invocations
 27216 | Snake:1  | Reached skill level 15 in Shields
 27686 | Snake:2  | Noticed Jorgrun
 27950 | Snake:2  | Killed Jorgrun
 29098 | Snake:3  | Found Cavvileq's Gadget Emporium.
 29099 | Snake:3  | Found Caenos's Jewellery Shop.
 29100 | Snake:3  | Found Zen Yqoi's Gadget Emporium.
 29138 | Snake:3  | Reached skill level 15 in Fighting
 29191 | Snake:3  | Reached skill level 1 in Evocations
 29348 | Snake:3  | Reached skill level 1 in Dodging
 29925 | Snake:4  | Entered Level 4 of the Snake Pit
 29942 | Snake:4  | Found Egaptola's Magic Scroll Emporium.
 29948 | Snake:4  | Noticed Aizul
 29952 | Snake:4  | Killed Aizul
 30203 | Snake:4  | Reached XP level 17. HP: 143/156 MP: 28/28
 30875 | Snake:4  | Reached skill level 16 in Invocations
 31356 | Snake:4  | Your ally Orkwin died
 31966 | Snake:4  | Got a serpentine rune of Zot
 31989 | Snake:4  | Gained Blodwig as an ally
 32484 | Shoals:1 | Entered Level 1 of the Shoals
 32496 | Shoals:1 | Found Tesyatekai's Food Emporium.
 32771 | Shoals:1 | Your ally Blodwig died
 33350 | Shoals:2 | Identified the +1 robe "Plog" {MR+ Int+5 Dex+4}
 33782 | Shoals:2 | Found a burning altar of Makhleb.
 34140 | Shoals:2 | Reached skill level 17 in Invocations
 34659 | Shoals:2 | Identified a scroll of acquirement
 34729 | Shoals:2 | Got an ancient scale mail
 34982 | Shoals:2 | Reached skill level 5 in Evocations
 35292 | Shoals:3 | HP: 3/158 [water nymph/the raging water (7)]
 35298 | Shoals:3 | Reached XP level 18. HP: 21/166 MP: 18/30
 35865 | Shoals:3 | Found Ocuov's General Store.
 35871 | Shoals:3 | Noticed Polyphemus
 35935 | Shoals:2 | HP: 5/166 [harpy (9)]
 35937 | Shoals:2 | HP: 2/166 [cloud of steam (2)]
 37290 | Shoals:3 | Found Falyh's Magic Scroll Emporium.
 37501 | Shoals:4 | Entered Level 4 of the Shoals
 37765 | Shoals:4 | Reached skill level 15 in Armour
 39309 | Shoals:4 | Reached skill level 18 in Invocations
 39746 | Shoals:4 | Reached skill level 5 in Dodging
 39859 | Shoals:4 | Got a barnacled rune of Zot
 40388 | Vaults:1 | Entered Level 1 of the Vaults
 41600 | Vaults:1 | Found a large runed translucent door.
 41600 | Vaults:1 | Found a large runed translucent door.
 41600 | Vaults:1 | Noticed skk's ghost (adept GrFi)
 41600 | Vaults:1 | Noticed wjh11's ghost (veteran MiBe)
 41686 | Vaults:1 | Reached XP level 19. HP: 174/174 MP: 32/32
 41962 | Vaults:1 | Identified the +10 great mace of Imneipt {venom, rPois
                  | rC+++ Int-5}
 42034 | Vaults:1 | Noticed a lich
 42932 | Vaults:2 | Reached skill level 19 in Invocations
 42932 | Vaults:2 | Slain by a deep troll shaman

Levels and vault maps discovered:
D:1:      tarquinn_simple_flora_water_a, layout_rooms, minmay_misc_feat_room,
          minmay_distorted
D:2:      layout_loops_ring, old_standard_altar
D:3:      layout_basic, marbit_many_paths, led_sif_book,
          gammafunk_temple_overflow_claw, first_ration
D:4:      layout_loops_corners, cheibrodos_sewer_entry_sluice,
          kennysheep_generic_room_16
D:5:      layout_loops_corners, nicolae_overflow_quartered_altars, serial_shops,
          nicolae_shop_stone
D:6:      layout_cave_pods, overflow_temple_1_default, lemuel_doored_altar,
          minmay_temple_entry_junction_2, serial_shops,
          nicolae_shop_behind_doors
D:7:      layout_gridville, chequers_avenue, grunt_ogre_cave
D:8:      layout_gridville, xom_shifter_show, uniq_erica
D:9:      layout_roguey, kennysheep_orc_monster_closet_entryway
D:10:     layout_rooms, uniq_psyche, uniq_erolcha
D:11:     cheibrodos_shockbox, layout_gridville, minmay_lair_entry_grove,
          uniq_snorg
D:12:     layout_loops_corners, serial_bayou_lake_a
D:13:     layout_stronghold, serial_shops, kennysheep_little_box,
          gammafunk_ghost_cemetery
D:14:     layout_layer_cave, lightli_vaults_fourway_checkpoint,
          chequers_serial_rivers_room_a
D:15:     gammafunk_depths_entry_grave, layout_gridville,
          chequers_serial_rivers_marsh, uniq_roxanne
Temple:   jpeg_temple_island
Lair:1:   layout_cave_pods, beast_lair_carwin_6, grunt_megastairs_4
Lair:2:   layout_layer_cave, grunt_megastairs_5
Lair:3:   layout_regular_city, minmay_shoals_entry_hut, serial_bayou_shore_b
Lair:4:   layout_hall_layers, minmay_snake_entry_guardpost_small
Lair:5:   layout_misc_corridors
Lair:6:   wormcave, layout_loops_ring, hangedman_lair_tendril_chambers,
          slime_altar_1, portal_ice_cave_demonic_guard,
          chequers_serial_rivers_small_a, guppyfry_lair_drakes
Shoals:1: layout_shoals, serial_shops, nicolae_shop_statue_plus
Shoals:2: layout_shoals, lemuel_altar_in_water
Shoals:3: layout_shoals, serial_shops, shop, nicolae_shoals_c_island,
          uniq_polyphemus
Shoals:4: shoals_end_hangedman, layout_shoals, nicolae_shoals_seven_spires
Snake:1:  layout_honeycomb, hangedman_venom_bottle
Snake:2:  layout_onion, uniq_jorgrun
Snake:3:  layout_misc_corridors, serial_bayou_pond_a, minmay_shop_grove,
          serial_bayou_shore_b, serial_bayou_shore_b
Snake:4:  snake_pit, layout_misc_corridors, serial_shops, shop, uniq_aizul
Orc:1:    layout_caves, serial_shops, shop, basic_altar, bloody_makhleb,
          uniq_nergalle
Orc:2:    grunt_orc_gardens, layout_diamond_mine, grunt_orc_garden,
          grunt_orc_garden, grunt_orc_garden, grunt_orc_garden
Vaults:1: advil_vaults_ghost_guards, v_misc_27, nicolae_vaults_puzzle_piece,
          vaults_mumra_minichess, vaults_dpeg_ring, vaults_dpeg_spiral,
          nicolae_vaults_ring_of_whatevers, v_alt_pattern_1,
          nicolae_vaults_what_the_h, hangedman_vaults_impose,
          nicolae_vaults_specimen_jars, vaults_room_stairs_pillars,
          hangedman_vaults_capsules, nicolae_vaults_asterisk, vaults_room_pools,
          layout_vaults_maze_snakey
Vaults:2: nicolae_vaults_little_squares_5, vaults_standard_mumra_x, v_misc_23,
          v_misc_16, nicolae_vaults_windows_and_doors_thing, st_more_cells,
          nicolae_vaults_ring_of_whatevers, layout_vaults_quadrants,
          serial_shops, nicolae_shop_behind_doors

Skill      XL: |  1  2  3  4  5  6  7  8  9 10 11 12 13 14 15 16 17 18 19 |
---------------+----------------------------------------------------------+-----
Axes           | 3 4 5 6 7 9 10 12 14 15 17 18 | 18.0
Fighting       | 4 5 6 7 8 10 11 12 13 14 15 16 | 16.7
Shields        | 4 5 6 7 8 9 10 11 12 14 15 16 | 16.5
Armour         | 4 5 6 7 8 9 10 11 12 13 14 15 | 15.5
Invocations    | 1 2 3 5 6 8 9 11 12 13 14 15 17 18 19 | 19.0
Evocations     | 2 5 6 7 |  7.3
Dodging        | 1 4 5 |  5.9

Action                   |  1- 3 |  4- 6 |  7- 9 | 10-12 | 13-15 | 16-18 | 19-21 || total
-------------------------+-------+-------+-------+-------+-------+-------+-------++-------
Melee: War axe           |   113 |   198 |   172 |       |       |       |       ||   483
       Hand axe          |       |       |   257 |   465 |   889 |  1524 |       ||  3135
       Broad axe         |       |       |       |       |       |   170 |   118 ||   288
Invok: Convert to Beogh  |       |     1 |       |       |       |       |       ||     1
       Smiting           |       |       |       |    14 |    51 |    69 |     7 ||   141
       Recall Orcish Fol |       |       |       |     1 |     6 |     4 |       ||    11
Evoke: Wand              |       |     1 |       |       |    16 |    22 |       ||    39
  Use: Scroll            |       |       |    14 |     9 |    10 |    15 |     1 ||    49
       Potion            |       |       |     2 |     1 |       |     4 |       ||     7
 Stab: Distracted        |       |       |     1 |     5 |     5 |     5 |       ||    16
       Paralysed         |       |       |       |     1 |     5 |     3 |       ||     9
       Confused          |       |       |       |     1 |       |       |       ||     1
  Eat: Chunk             |       |     5 |    10 |    18 |    21 |    17 |     4 ||    75
       Ration            |       |     1 |     1 |     1 |     4 |    11 |       ||    18
Armor: Scale mail        |    47 |    54 |       |       |       |       |       ||   101
       Chain mail        |       |    45 |   120 |       |       |       |       ||   165
       Plate armour      |       |       |    42 |   186 |   332 |   509 |    48 ||  1117
Dodge: Dodged            |    29 |    82 |    66 |    80 |   129 |   219 |    21 ||   626
Block: Shield            |    69 |   121 |   216 |   233 |   377 |   183 |       ||  1199
       Large shield      |       |       |       |       |       |  1265 |   125 ||  1390
       Reflection        |       |       |       |       |       |   120 |     9 ||   129
